TOP OF THE 1ST |
Pawtucket Red Sox batting - Pitching for Round Rock Express : RHP Victor Nunez
|
Pitching: RHP Victor Nunez
|
|
Batting: LHB Mike Mentzer
|
0-0: Foul Ball, location: 2F 0-1: Ball 1-1: Ball 2-1: Ball 3-1: Base on Balls
|
Batting: RHB Nate Dickinson
|
0-0: Grounds into double play, 6-4-3 (Groundball, 6, EV 93.1 MPH)
|
Batting: RHB Marty King
|
0-0: Ball 1-0: Foul Ball, location: 2F 1-1: Ball 2-1: Ground out 5-3 (Groundball, 56, EV 86.2 MPH)
|
Top of the 1st over - 0 runs, 0 hits, 0 errors, 0 left on base; Pawtucket 0 - Round Rock 0 |
BOTTOM OF THE 1ST |
Round Rock Express batting - Pitching for Pawtucket Red Sox : RHP John McLeod
|
Pitching: RHP John McLeod
|
|
Batting: RHB Zhi-bin Ou-yang
|
0-0: Ball 1-0: SINGLE (Groundball, 34D, EV 100.6 MPH)
|
Batting: SHB David Simpson
|
0-0: Foul Ball, location: 2F 0-1: Called Strike 0-2: Grounds into double play, 6-4-3 (Groundball, 6, EV 80.6 MPH)
|
Batting: RHB Rich Stinson
|
0-0: Ball 1-0: Foul Ball, location: 2F 1-1: Ball 2-1: Ball 3-1: Swinging Strike 3-2: Base on Balls
|
Batting: LHB Jeff Densmore
|
0-0: Ball 1-0: Ball 2-0: Called Strike 2-1: SINGLE (Groundball, 6MS, EV 71.2 MPH) (infield hit) Rich Stinson to second
|
Batting: RHB Jose Leon
|
0-0: Ball 1-0: Swinging Strike 1-1: Foul Ball, location: 2F 1-2: Ground out 4-3 (Groundball, 4, EV 84.4 MPH)
|
Bottom of the 1st over - 0 runs, 2 hits, 0 errors, 2 left on base; Pawtucket 0 - Round Rock 0 |
TOP OF THE 2ND |
Pawtucket Red Sox batting - Pitching for Round Rock Express : RHP Victor Nunez
|
Batting: SHB Ben Ervin
|
0-0: Ball 1-0: Ball 2-0: Ball 3-0: Foul Ball, location: 2F 3-1: Base on Balls
|
Batting: RHB Ernie Genier
|
0-0: Ball Wild Pitch! Ben Ervin to second 1-0: Ball 2-0: Ball 3-0: Swinging Strike 3-1: Base on Balls
|
Batting: LHB Justin Wenzel
|
0-0: Ball 1-0: Called Strike 1-1: Swinging Strike 1-2: Ball 2-2: SINGLE (Groundball, 34D, EV 96.9 MPH) Ben Ervin to third Ernie Genier to second Runner from 3rd tries for Home, SAFE, throw by RF to home
|
Batting: RHB Mike Quackenbush
|
0-0: Ball 1-0: Foul Ball, location: 2F 1-1: Ball 2-1: Swinging Strike 2-2: Ball 3-2: Base on Balls Ernie Genier to third Justin Wenzel to second
|
Batting: RHB Garry Hash
|
0-0: Called Strike 0-1: Foul Ball, location: 2F 0-2: Ball 1-2: Ball 2-2: Foul Ball, location: 2F 2-2: Strikes out swinging
|
Batting: SHB Gus Cruz
|
0-0: Ball 1-0: Foul Ball, location: 2F 1-1: Called Strike 1-2: Ball 2-2: Foul Ball, location: 2F 2-2: Strikes out swinging
|
Batting: LHB Mike Mentzer
|
0-0: Called Strike 0-1: Ball 1-1: Foul Ball, location: 2F 1-2: Ground out 4-3 (Groundball, 34D, EV 103.8 MPH)
|
Top of the 2nd over - 1 run, 1 hit, 0 errors, 3 left on base; Pawtucket 1 - Round Rock 0 |
BOTTOM OF THE 2ND |
Round Rock Express batting - Pitching for Pawtucket Red Sox : RHP John McLeod
|
Batting: SHB Johnny Stables
|
0-0: Called Strike 0-1: Ball 1-1: Ball 2-1: SOLO HOME RUN (Flyball, 89XD, EV 96.9 MPH), Distance : 392 ft
|
Batting: LHB Pauli Gassinger
|
0-0: Ball 1-0: Called Strike 1-1: Foul Ball, location: 2F 1-2: Ground out U3 (Groundball, 34S, EV 90.6 MPH)
|
Batting: RHB Jimmy Hammertime
|
0-0: Ball 1-0: Called Strike 1-1: Swinging Strike 1-2: Ball 2-2: SINGLE (Groundball, 56D, EV 100.0 MPH)
|
Batting: RHB Rick Concha
|
0-0: Ball 1-0: Swinging Strike 1-1: Swinging Strike 1-2: SINGLE (Groundball, 4M, EV 103.8 MPH) (infield hit) Jimmy Hammertime to second
|
Batting: RHB Zhi-bin Ou-yang
|
0-0: Foul Ball, location: 2F 0-1: Called Strike 0-2: Ball 1-2: Ball 2-2: Ball 3-2: Base on Balls Jimmy Hammertime to third Rick Concha to second
|
Batting: SHB David Simpson
|
0-0: Ball 1-0: Ball 2-0: Ball 3-0: Called Strike 3-1: Called Strike 3-2: Base on Balls Jimmy Hammertime scores Rick Concha to third Zhi-bin Ou-yang to second
|
Batting: RHB Rich Stinson
|
0-0: Swinging Strike 0-1: Swinging Strike 0-2: Ball 1-2: Foul Ball, location: 2F 1-2: Strikes out looking
|
Batting: LHB Jeff Densmore
|
0-0: Ball 1-0: Ball 2-0: Ball 3-0: Base on Balls Rick Concha scores Zhi-bin Ou-yang to third David Simpson to second
|
Batting: RHB Jose Leon
|
0-0: Ball 1-0: Ball 2-0: Fly out, F9 (Flyball, 89S, EV 84.4 MPH)
|
Bottom of the 2nd over - 3 runs, 3 hits, 0 errors, 3 left on base; Pawtucket 1 - Round Rock 3 |
TOP OF THE 3RD |
Pawtucket Red Sox batting - Pitching for Round Rock Express : RHP Victor Nunez
|
Batting: RHB Nate Dickinson
|
0-0: Called Strike 0-1: TRIPLE (Line Drive, 89XD, EV 111.9 MPH)
|
Batting: RHB Marty King
|
0-0: Ball 1-0: Ball 2-0: Ball 3-0: Ground out 2-3 (Groundball, 15S, EV 67.5 MPH)
|
Batting: SHB Ben Ervin
|
0-0: Ball 1-0: Swinging Strike 1-1: Foul Ball, location: 2F 1-2: Strikes out swinging
|
Batting: RHB Ernie Genier
|
0-0: Called Strike 0-1: Ball 1-1: DOUBLE (Line Drive, 89XD, EV 104.4 MPH) Nate Dickinson scores
|
Batting: LHB Justin Wenzel
|
0-0: Called Strike 0-1: Foul Ball, location: 2F 0-2: Ball 1-2: Foul Ball, location: 2F 1-2: Ball 2-2: Strikes out looking
|
Top of the 3rd over - 1 run, 2 hits, 0 errors, 1 left on base; Pawtucket 2 - Round Rock 3 |
BOTTOM OF THE 3RD |
Round Rock Express batting - Pitching for Pawtucket Red Sox : RHP John McLeod
|
Batting: SHB Johnny Stables
|
0-0: Swinging Strike 0-1: Ball 1-1: Ground out 4-3 (Groundball, 3D, EV 103.1 MPH)
|
Batting: LHB Pauli Gassinger
|
0-0: Called Strike 0-1: Ball 1-1: Called Strike 1-2: Ground out 1-3 (Groundball, 34S, EV 67.5 MPH)
|
Batting: RHB Jimmy Hammertime
|
0-0: Foul Ball, location: 2F 0-1: Foul Ball, location: 2F 0-2: Ball 1-2: Fly out, F8 (Flyball, 89D, EV 106.2 MPH)
|
Bottom of the 3rd over - 0 runs, 0 hits, 0 errors, 0 left on base; Pawtucket 2 - Round Rock 3 |
TOP OF THE 4TH |
Pawtucket Red Sox batting - Pitching for Round Rock Express : RHP Victor Nunez
|
Batting: RHB Mike Quackenbush
|
0-0: Called Strike 0-1: Swinging Strike 0-2: Ball 1-2: Foul Ball, location: 2F 1-2: Strikes out looking
|
Batting: RHB Garry Hash
|
0-0: Ball 1-0: Ball 2-0: Foul Ball, location: 2F 2-1: Ball 3-1: Swinging Strike 3-2: Strikes out swinging
|
Batting: SHB Gus Cruz
|
0-0: Foul Ball, location: 2F 0-1: Foul Ball, location: 2F 0-2: Ball 1-2: Ball 2-2: Ball 3-2: Base on Balls
|
Batting: LHB Mike Mentzer
|
0-0: Ball 1-0: Called Strike 1-1: Ball 2-1: Fly out, F6 (Popup, 6M, EV 50.6 MPH)
|
Top of the 4th over - 0 runs, 0 hits, 0 errors, 1 left on base; Pawtucket 2 - Round Rock 3 |
BOTTOM OF THE 4TH |
Round Rock Express batting - Pitching for Pawtucket Red Sox : RHP John McLeod
|
Batting: RHB Rick Concha
|
0-0: Called Strike 0-1: SINGLE (Groundball, 6M, EV 105.0 MPH) (infield hit)
|
Batting: RHB Zhi-bin Ou-yang
|
Pickoff Throw to First - Error! E1 Rick Concha to second 0-0: Ball 1-0: Foul Ball, location: 2F 1-1: Foul Ball, location: 2F 1-2: Ground out 5-3 (Groundball, 5, EV 81.2 MPH)
|
Batting: SHB David Simpson
|
0-0: Foul Ball, location: 2F 0-1: Ball 1-1: Ball 2-1: Ball 3-1: Base on Balls
|
Batting: RHB Rich Stinson
|
0-0: Foul Ball, location: 2F 0-1: Ball 1-1: Swinging Strike 1-2: Ball 2-2: Ball 3-2: Fly out, F3 (Flyball, 3D, EV 82.5 MPH)
|
Batting: LHB Jeff Densmore
|
0-0: Called Strike 0-1: Ball 1-1: Called Strike 1-2: Fly out, F5 (Popup, 5F, EV 66.9 MPH)
|
Bottom of the 4th over - 0 runs, 1 hit, 1 error, 2 left on base; Pawtucket 2 - Round Rock 3 |
TOP OF THE 5TH |
Pawtucket Red Sox batting - Pitching for Round Rock Express : RHP Victor Nunez
|
DELAY
|
Rain delay of 17 minutes in the 5th inning.
|
Batting: RHB Nate Dickinson
|
0-0: Ground out 6-3 (Groundball, 6, EV 85.6 MPH)
|
Batting: RHB Marty King
|
0-0: Foul Ball, location: 2F 0-1: TRIPLE (Flyball, 7D, EV 96.2 MPH)
|
Batting: SHB Ben Ervin
|
0-0: Ball 1-0: Ball 2-0: Ball 3-0: Base on Balls
|
Batting: RHB Ernie Genier
|
0-0: Ball 1-0: Fly out, F8 (Flyball, 78D, EV 83.8 MPH) Runner from 3rd tags up, SCORES, throw by CF
|
Batting: LHB Justin Wenzel
|
0-0: Ball 1-0: Ball Ben Ervin steals 2nd base 2-0: Foul Ball, location: 2F 2-1: Swinging Strike 2-2: Ground out 5-3 (Groundball, 56S, EV 83.8 MPH)
|
Top of the 5th over - 1 run, 1 hit, 0 errors, 1 left on base; Pawtucket 3 - Round Rock 3 |
BOTTOM OF THE 5TH |
Round Rock Express batting - Pitching for Pawtucket Red Sox : RHP John McLeod
|
Pitching: RHP Josh Weiser
|
|
Batting: RHB Jose Leon
|
0-0: Ball 1-0: Foul Ball, location: 2F 1-1: Called Strike 1-2: Ball 2-2: Strikes out swinging
|
Batting: SHB Johnny Stables
|
0-0: Foul Ball, location: 2F 0-1: Foul Ball, location: 2F 0-2: Ball 1-2: Ball 2-2: Strikes out swinging
|
Batting: LHB Pauli Gassinger
|
0-0: Ball 1-0: Called Strike 1-1: Ball 2-1: SINGLE (Groundball, 4MD, EV 109.4 MPH)
|
Batting: RHB Jimmy Hammertime
|
0-0: Called Strike 0-1: Ground out 1-3 (Groundball, 13S, EV 71.2 MPH)
|
Bottom of the 5th over - 0 runs, 1 hit, 0 errors, 1 left on base; Pawtucket 3 - Round Rock 3 |
TOP OF THE 6TH |
Pawtucket Red Sox batting - Pitching for Round Rock Express : RHP Victor Nunez
|
Batting: RHB Mike Quackenbush
|
0-0: Ball 1-0: SINGLE (Line Drive, 6MD, EV 98.1 MPH)
|
Batting: RHB Garry Hash
|
0-0: Ball 1-0: Called Strike 1-1: Ball 2-1: Called Strike 2-2: Foul Ball, location: 2F 2-2: DOUBLE (Line Drive, 89D, EV 106.2 MPH) Mike Quackenbush to third Mike Quackenbush scores
|
Batting: SHB Gus Cruz
|
0-0: Foul Ball, location: 2F 0-1: Foul Ball, location: 2F 0-2: Fly out, F9 (Flyball, 9LS, EV 76.9 MPH)
|
Pitching: RHP Adam Jackson
|
|
Batting: LHB Mike Mentzer
|
0-0: Ball 1-0: Ball Garry Hash steals 3rd base 2-0: SINGLE (Groundball, 34D, EV 100.0 MPH) Garry Hash scores
|
Batting: RHB Nate Dickinson
|
0-0: Called Strike 0-1: Ball Mike Mentzer steals 2nd base 1-1: Called Strike 1-2: Strikes out looking
|
Batting: RHB Marty King
|
0-0: Called Strike 0-1: Foul Ball, location: 2F 0-2: Ball 1-2: Ball 2-2: Strikes out swinging
|
Top of the 6th over - 2 runs, 3 hits, 0 errors, 1 left on base; Pawtucket 5 - Round Rock 3 |
BOTTOM OF THE 6TH |
Round Rock Express batting - Pitching for Pawtucket Red Sox : RHP Josh Weiser
|
Batting: RHB Rick Concha
|
0-0: Bunted foul 0-1: Fly out, F5 (Popup, 5SF, EV 40.6 MPH)
|
Batting: RHB Zhi-bin Ou-yang
|
0-0: Called Strike 0-1: Foul Ball, location: 2F 0-2: Ball 1-2: Ground out 6-3 (Groundball, 6, EV 86.2 MPH)
|
Batting: SHB David Simpson
|
0-0: Called Strike 0-1: Ball 1-1: Foul Ball, location: 2F 1-2: Ball 2-2: Ground out U3 (Groundball, 3L, EV 109.4 MPH)
|
Bottom of the 6th over - 0 runs, 0 hits, 0 errors, 0 left on base; Pawtucket 5 - Round Rock 3 |
TOP OF THE 7TH |
Pawtucket Red Sox batting - Pitching for Round Rock Express : RHP Adam Jackson
|
Batting: SHB Ben Ervin
|
0-0: Called Strike 0-1: Ball 1-1: Foul Ball, location: 2F 1-2: Ball 2-2: Ground out 4-3 (Groundball, 4, EV 85.0 MPH)
|
Batting: RHB Ernie Genier
|
0-0: Foul Ball, location: 2F 0-1: Ball 1-1: SOLO HOME RUN (Flyball, 9D, EV 98.8 MPH), Distance : 377 ft
|
Batting: LHB Justin Wenzel
|
0-0: Ball 1-0: Ball 2-0: Foul Ball, location: 2F 2-1: Swinging Strike 2-2: Strikes out looking
|
Batting: RHB Mike Quackenbush
|
0-0: Ball 1-0: Called Strike 1-1: Ball 2-1: SINGLE (Groundball, 6D, EV 98.8 MPH)
|
Batting: RHB Garry Hash
|
0-0: Called Strike Mike Quackenbush steals 2nd base 0-1: Foul Ball, location: 2F 0-2: Foul Ball, location: 2F 0-2: Ball 1-2: Ball 2-2: Ball 3-2: Foul Ball, location: 2F 3-2: Ground out 1-3 (Groundball, 34S, EV 65.0 MPH)
|
Top of the 7th over - 1 run, 2 hits, 0 errors, 1 left on base; Pawtucket 6 - Round Rock 3 |
BOTTOM OF THE 7TH |
Round Rock Express batting - Pitching for Pawtucket Red Sox : RHP Josh Weiser
|
Pitching: RHP Marquis Williams
|
|
Batting: RHB Rich Stinson
|
0-0: Called Strike 0-1: Ball 1-1: Ball 2-1: Foul Ball, location: 2F 2-2: SINGLE (Line Drive, 4D, EV 98.8 MPH)
|
Pitching: LHP Jon Green
|
|
Batting: LHB Jeff Densmore
|
0-0: Ball 1-0: Foul Ball, location: 2F 1-1: Ball 2-1: Foul Ball, location: 2F 2-2: Strikes out looking
|
Pitching: RHP Roger Warren
|
|
Batting: RHB Jose Leon
|
0-0: Ball 1-0: Called Strike Rich Stinson steals 2nd base (no throw) 1-1: Ball 2-1: Ball 3-1: Base on Balls
|
Batting: SHB Johnny Stables
|
0-0: Ball 1-0: Foul Ball, location: 2F 1-1: Ball 2-1: Foul Ball, location: 2F 2-2: Grounds into double play, 4-6-3 (Groundball, 4, EV 97.5 MPH)
|
Bottom of the 7th over - 0 runs, 1 hit, 0 errors, 1 left on base; Pawtucket 6 - Round Rock 3 |
TOP OF THE 8TH |
Pawtucket Red Sox batting - Pitching for Round Rock Express : RHP Adam Jackson
|
Pitching: RHP Ryan Jones
|
|
Batting: SHB Gus Cruz
|
0-0: Ball 1-0: Called Strike 1-1: Ball 2-1: Swinging Strike 2-2: Strikes out swinging
|
Batting: LHB Mike Mentzer
|
0-0: Ball 1-0: Ball 2-0: Ball 3-0: Called Strike 3-1: Called Strike 3-2: Foul Ball, location: 2F 3-2: Ground out U3 (Groundball, 34, EV 86.9 MPH)
|
Batting: RHB Nate Dickinson
|
0-0: Ball 1-0: Called Strike 1-1: Ball 2-1: Ground out 6-3 (Groundball, 6, EV 91.2 MPH)
|
Top of the 8th over - 0 runs, 0 hits, 0 errors, 0 left on base; Pawtucket 6 - Round Rock 3 |
BOTTOM OF THE 8TH |
Round Rock Express batting - Pitching for Pawtucket Red Sox : RHP Roger Warren
|
Batting: LHB Pauli Gassinger
|
0-0: TRIPLE (Line Drive, 9LD, EV 106.2 MPH)
|
Batting: RHB Jimmy Hammertime
|
0-0: Foul Ball, location: 2F 0-1: Ball 1-1: Fly out, F7 (Flyball, 7LS, EV 86.2 MPH) Runner from 3rd tags up, SCORES, throw by LF
|
Batting: RHB Rick Concha
|
0-0: Ball 1-0: Swinging Strike 1-1: Foul Ball, location: 2F 1-2: Strikes out looking
|
Batting: RHB Zhi-bin Ou-yang
|
0-0: Called Strike 0-1: Ball 1-1: Ball 2-1: Foul Ball, location: 2F 2-2: Foul Ball, location: 2F 2-2: Ground out 6-3 (Groundball, 6S, EV 84.4 MPH)
|
Bottom of the 8th over - 1 run, 1 hit, 0 errors, 0 left on base; Pawtucket 6 - Round Rock 4 |
TOP OF THE 9TH |
Pawtucket Red Sox batting - Pitching for Round Rock Express : RHP Ryan Jones
|
Batting: RHB Marty King
|
0-0: Swinging Strike 0-1: SINGLE (Groundball, 6MD, EV 103.1 MPH)
|
Batting: SHB Ben Ervin
|
0-0: Called Strike 0-1: Foul Ball, location: 2F 0-2: Fly out, F8 (Flyball, 8RS, EV 82.5 MPH)
|
Batting: RHB Ernie Genier
|
0-0: Ball 1-0: Called Strike 1-1: Called Strike 1-2: SINGLE (Groundball, 6MD, EV 97.5 MPH) Marty King to second
|
Batting: LHB Justin Wenzel
|
0-0: Fielders Choice at 2nd, 4-6 (Groundball, 4S, EV 86.2 MPH) Marty King to third
|
Batting: RHB Mike Quackenbush
|
0-0: Ground out 5-3 (Groundball, 56, EV 105.0 MPH)
|
Top of the 9th over - 0 runs, 2 hits, 0 errors, 2 left on base; Pawtucket 6 - Round Rock 4 |
BOTTOM OF THE 9TH |
Round Rock Express batting - Pitching for Pawtucket Red Sox : RHP Roger Warren
|
Pitching: RHP Billy Fitzgerald
|
|
Batting: SHB David Simpson
|
0-0: Ball 1-0: Fly out, F7 (Flyball, 78S, EV 90.6 MPH)
|
Batting: RHB Rich Stinson
|
0-0: Called Strike 0-1: Called Strike 0-2: Ball 1-2: Ball 2-2: SINGLE (Groundball, 56D, EV 108.8 MPH)
|
Batting: LHB Jeff Densmore
|
0-0: Ball 1-0: Fielders Choice at 2nd, 1-6 (Groundball, P, EV 64.4 MPH)
|
Batting: RHB Jose Leon
|
0-0: Called Strike 0-1: Ball 1-1: Ball 2-1: Foul Ball, location: 2F 2-2: Strikes out swinging
|
Bottom of the 9th over - 0 runs, 1 hit, 0 errors, 1 left on base; Pawtucket 6 - Round Rock 4 |
|